TOP OF THE 1ST |
Plymouth Cocks batting - Pitching for Palmyra Overlords : RHP Jesús Germán
|
Pitching: RHP Jesús Germán
|
|
Batting: RHB Pablo Hernández
|
0-0: Foul Ball, location: 2F 0-1: Called Strike 0-2: Fly out, F3 (Line Drive, 3F)
|
Batting: RHB Chase Wilkerson
|
0-0: Called Strike 0-1: Called Strike 0-2: Ball 1-2: Foul Ball, location: 2F 1-2: Strikes out swinging
|
Batting: RHB Tomás Díaz
|
0-0: Called Strike 0-1: Ball 1-1: Called Strike 1-2: Reached on error, E3 (Groundball, 3)
|
Batting: RHB Kelly Graham
|
0-0: Ball 1-0: Ball Tomás Díaz is caught stealing 2nd base
|
Top of the 1st over - 0 run(s), 0 hit(s), 1 error(s), 0 left on base; Plymouth 0 - Palmyra 0 |
BOTTOM OF THE 1ST |
Palmyra Overlords batting - Pitching for Plymouth Cocks : RHP Félix González
|
Pitching: RHP Félix González
|
|
Batting: LHB Rubén Martínez
|
0-0: Ball 1-0: Ball 2-0: Foul Ball, location: 2F 2-1: Ground out U3 (Groundball, 3S)
|
Batting: RHB Jaime Rodríguez
|
0-0: Called Strike 0-1: Called Strike 0-2: Ball 1-2: Fly out, F9 (Flyball, 9LM)
|
Batting: RHB Paco Franco
|
0-0: Ball 1-0: Swinging Strike 1-1: Foul Ball, location: 2F 1-2: Foul Ball, location: 2F 1-2: Foul Ball, location: 2F 1-2: Strikes out swinging
|
Bottom of the 1st over - 0 run(s), 0 hit(s), 0 error(s), 0 left on base; Plymouth 0 - Palmyra 0 |
TOP OF THE 2ND |
Plymouth Cocks batting - Pitching for Palmyra Overlords : RHP Jesús Germán
|
Batting: RHB Kelly Graham
|
0-0: Foul Ball, location: 2F 0-1: Ground out 5-3 (Groundball, 5D)
|
Batting: LHB José Guzmán
|
0-0: Ball 1-0: Fly out, F7 (Flyball, 78M)
|
Batting: RHB Chris Hall
|
0-0: Foul Ball, location: 2F 0-1: Foul Ball, location: 2F 0-2: Fly out, F9 (Flyball, 9S)
|
Top of the 2nd over - 0 run(s), 0 hit(s), 0 error(s), 0 left on base; Plymouth 0 - Palmyra 0 |
BOTTOM OF THE 2ND |
Palmyra Overlords batting - Pitching for Plymouth Cocks : RHP Félix González
|
Batting: RHB Lúcio Alfaro
|
0-0: Ball 1-0: Fly out, F8 (Flyball, 8LM)
|
Batting: RHB José Ortega
|
0-0: Ball 1-0: Foul Ball, location: 2F 1-1: Called Strike 1-2: Ball 2-2: Ball 3-2: DOUBLE (Flyball, 9LM)
|
Batting: LHB Jeff West
|
0-0: Called Strike 0-1: Foul Ball, location: 2F 0-2: Strikes out looking
|
Batting: LHB Roberto Rodríguez
|
0-0: Called Strike 0-1: Foul Ball, location: 2F 0-2: Ground out 4-3 (Groundball, 4)
|
Bottom of the 2nd over - 0 run(s), 1 hit(s), 0 error(s), 1 left on base; Plymouth 0 - Palmyra 0 |
TOP OF THE 3RD |
Plymouth Cocks batting - Pitching for Palmyra Overlords : RHP Jesús Germán
|
Batting: RHB Dan Duckworth
|
0-0: SINGLE (Groundball, 5L)
|
Batting: LHB Greg Sharpe
|
0-0: Called Strike 0-1: Called Strike 0-2: Ball 1-2: Ball 2-2: Foul Ball, location: 2F 2-2: Fly out, F7 (Flyball, 78M)
|
Batting: RHB Brian Jackson
|
0-0: Ball Wild Pitch! Dan Duckworth to second Balk! Dan Duckworth to third 1-0: Ball 2-0: Called Strike 2-1: Swinging Strike 2-2: Ball 3-2: Ground out 6-3 (Groundball, 6) Dan Duckworth scores
|
Batting: RHB Pablo Hernández
|
0-0: Ball 1-0: Called Strike 1-1: Called Strike 1-2: DOUBLE (Line Drive, 9LM)
|
Batting: RHB Chase Wilkerson
|
0-0: Swinging Strike 0-1: Ball 1-1: Ball 2-1: Swinging Strike 2-2: Foul Ball, location: 2F 2-2: Foul Ball, location: 2F 2-2: Foul Ball, location: 2F 2-2: Ball 3-2: Strikes out swinging
|
Top of the 3rd over - 1 run(s), 2 hit(s), 0 error(s), 1 left on base; Plymouth 1 - Palmyra 0 |
BOTTOM OF THE 3RD |
Palmyra Overlords batting - Pitching for Plymouth Cocks : RHP Félix González
|
Batting: SHB José Rincón
|
0-0: Called Strike 0-1: Ball 1-1: Ball 2-1: Ground out 4-3 (Groundball, 34)
|
Batting: LHB Dennis McConnell
|
0-0: Foul Ball, location: 2F 0-1: Ball 1-1: Swinging Strike 1-2: Ball 2-2: Foul Ball, location: 2F 2-2: Foul Ball, location: 2F 2-2: Ball 3-2: Base on Balls
|
Batting: LHB Rubén Martínez
|
0-0: Ball Dennis McConnell is caught stealing 2nd base 1-0: Called Strike 1-1: Ball 2-1: Swinging Strike 2-2: SOLO HOME RUN (Flyball, 9D), Distance : 403 ft
|
Batting: RHB Jaime Rodríguez
|
0-0: Called Strike 0-1: Fly out, F7 (Flyball, 7D)
|
Bottom of the 3rd over - 1 run(s), 1 hit(s), 0 error(s), 0 left on base; Plymouth 1 - Palmyra 1 |
TOP OF THE 4TH |
Plymouth Cocks batting - Pitching for Palmyra Overlords : RHP Jesús Germán
|
Batting: RHB Tomás Díaz
|
0-0: Ball 1-0: Ball 2-0: Ball 3-0: Called Strike 3-1: Ground out 6-3 (Groundball, 56D)
|
Batting: RHB Kelly Graham
|
0-0: Foul Ball, location: 2F 0-1: Called Strike 0-2: Ball 1-2: Foul Ball, location: 2F 1-2: Ball 2-2: Ball 3-2: TRIPLE (Line Drive, 89M)
|
Batting: LHB José Guzmán
|
0-0: DOUBLE (Line Drive, 7LM) Kelly Graham scores
|
Batting: RHB Chris Hall
|
0-0: Fly out, F7 (Flyball, 7M)
|
Batting: RHB Dan Duckworth
|
0-0: Ball 1-0: Foul Ball, location: 2F 1-1: Swinging Strike 1-2: Ball 2-2: Foul Ball, location: 2F 2-2: Ball 3-2: Base on Balls
|
Batting: LHB Greg Sharpe
|
0-0: Called Strike 0-1: Ball 1-1: Ball 2-1: SINGLE (Line Drive, 5L) José Guzmán to third Dan Duckworth to second Runner from 3rd tries for Home, SAFE, no throw or cutoff
|
Batting: RHB Brian Jackson
|
0-0: Ball 1-0: Foul Ball, location: 2F 1-1: Ball 2-1: Foul Ball, location: 2F 2-2: Ball 3-2: Foul Ball, location: 2F 3-2: Foul Ball, location: 2F 3-2: Strikes out swinging
|
Top of the 4th over - 2 run(s), 3 hit(s), 0 error(s), 2 left on base; Plymouth 3 - Palmyra 1 |
BOTTOM OF THE 4TH |
Palmyra Overlords batting - Pitching for Plymouth Cocks : RHP Félix González
|
Batting: RHB Paco Franco
|
0-0: Ball 1-0: Ball 2-0: Swinging Strike 2-1: Ground out 6-3 (Groundball, 6)
|
Batting: RHB Lúcio Alfaro
|
0-0: Called Strike 0-1: Ball 1-1: Called Strike 1-2: Foul Ball, location: 2F 1-2: Ball 2-2: Ground out 1-3 (Groundball, 23)
|
Batting: RHB José Ortega
|
0-0: Swinging Strike 0-1: Called Strike 0-2: Ball 1-2: Strikes out swinging
|
Bottom of the 4th over - 0 run(s), 0 hit(s), 0 error(s), 0 left on base; Plymouth 3 - Palmyra 1 |
TOP OF THE 5TH |
Plymouth Cocks batting - Pitching for Palmyra Overlords : RHP Jesús Germán
|
Pitching: RHP Paul Orr
|
|
Batting: RHB Pablo Hernández
|
0-0: Called Strike 0-1: Called Strike 0-2: DOUBLE (Flyball, 78M)
|
Batting: RHB Chase Wilkerson
|
0-0: Ball 1-0: Ball 2-0: Swinging Strike 2-1: Foul Ball, location: 2F 2-2: Ball 3-2: SINGLE (Groundball, 13) (infield hit) Pablo Hernández to third
|
Batting: RHB Tomás Díaz
|
0-0: Called Strike 0-1: Foul Ball, location: 2F 0-2: Ball 1-2: Strikes out looking
|
Batting: RHB Kelly Graham
|
0-0: Fly out, F7 (Flyball, 7D) Runner from 3rd tags up, SCORES, no throw
|
Batting: LHB José Guzmán
|
0-0: Called Strike 0-1: Foul Ball, location: 2F 0-2: Ball 1-2: Foul Ball, location: 2F 1-2: Ball 2-2: Ball 3-2: Ground out 4-3 (Groundball, 4)
|
Top of the 5th over - 1 run(s), 2 hit(s), 0 error(s), 1 left on base; Plymouth 4 - Palmyra 1 |
BOTTOM OF THE 5TH |
Palmyra Overlords batting - Pitching for Plymouth Cocks : RHP Félix González
|
Batting: LHB Jeff West
|
0-0: Foul Ball, location: 2F 0-1: Ball 1-1: Called Strike 1-2: Strikes out swinging
|
Batting: LHB Roberto Rodríguez
|
0-0: Ground out U3 (Groundball, 3)
|
Batting: SHB José Rincón
|
0-0: Called Strike 0-1: Ball 1-1: Fly out, F7 (Flyball, 78M)
|
Bottom of the 5th over - 0 run(s), 0 hit(s), 0 error(s), 0 left on base; Plymouth 4 - Palmyra 1 |
TOP OF THE 6TH |
Plymouth Cocks batting - Pitching for Palmyra Overlords : RHP Paul Orr
|
Batting: RHB Chris Hall
|
0-0: Swinging Strike 0-1: Ball 1-1: Ball 2-1: Foul Ball, location: 2F 2-2: Ground out 1-3 (Groundball, 15)
|
Batting: RHB Dan Duckworth
|
0-0: Fly out, F8 (Flyball, 8RM)
|
Batting: LHB Greg Sharpe
|
0-0: Swinging Strike 0-1: Foul Ball, location: 2F 0-2: Ball 1-2: Foul Ball, location: 2F 1-2: Ball 2-2: Strikes out swinging
|
Top of the 6th over - 0 run(s), 0 hit(s), 0 error(s), 0 left on base; Plymouth 4 - Palmyra 1 |
BOTTOM OF THE 6TH |
Palmyra Overlords batting - Pitching for Plymouth Cocks : RHP Félix González
|
Batting: LHB Dennis McConnell
|
0-0: Foul Ball, location: 2F 0-1: Ball 1-1: Ball 2-1: Foul Ball, location: 2F 2-2: Foul Ball, location: 2F 2-2: Ground out 4-3 (Groundball, 34)
|
Batting: LHB Rubén Martínez
|
0-0: Called Strike 0-1: Foul Ball, location: 2F 0-2: SINGLE (Groundball, 4MD)
|
Batting: RHB Jaime Rodríguez
|
0-0: Called Strike 0-1: SINGLE (Groundball, 6M) Rubén Martínez to second Throwing error, E8 Rubén Martínez scores Jaime Rodríguez to second
|
Pitching: RHP Billy Jacobs
|
|
Batting: RHB Paco Franco
|
0-0: Called Strike 0-1: Ground out 5-3 (Groundball, 56)
|
Batting: RHB Lúcio Alfaro
|
0-0: Ball 1-0: Foul Ball, location: 2F 1-1: Foul Ball, location: 2F 1-2: Ball 2-2: Ball 3-2: Reached on Error, E8 (Flyball, 8RM) Jaime Rodríguez scores
|
Batting: RHB José Ortega
|
0-0: Ball 1-0: Ball 2-0: Ball 3-0: Base on Balls
|
Batting: LHB Jeff West
|
0-0: Ball 1-0: Ball 2-0: Called Strike 2-1: Swinging Strike 2-2: Ground out 5-3 (Groundball, 56)
|
Bottom of the 6th over - 2 run(s), 2 hit(s), 2 error(s), 2 left on base; Plymouth 4 - Palmyra 3 |
TOP OF THE 7TH |
Plymouth Cocks batting - Pitching for Palmyra Overlords : RHP Paul Orr
|
Batting: RHB Brian Jackson
|
0-0: Ground out 6-3 (Groundball, 6)
|
Batting: RHB Pablo Hernández
|
0-0: Foul Ball, location: 2F 0-1: Called Strike 0-2: Foul Ball, location: 2F 0-2: Ball 1-2: Strikes out looking
|
Batting: RHB Chase Wilkerson
|
0-0: Called Strike 0-1: Foul Ball, location: 2F 0-2: Ball 1-2: Ball 2-2: Strikes out swinging
|
Top of the 7th over - 0 run(s), 0 hit(s), 0 error(s), 0 left on base; Plymouth 4 - Palmyra 3 |
BOTTOM OF THE 7TH |
Palmyra Overlords batting - Pitching for Plymouth Cocks : RHP Billy Jacobs
|
Batting: LHB Roberto Rodríguez
|
0-0: Ball 1-0: Ball 2-0: Ball 3-0: Called Strike 3-1: Foul Ball, location: 2F 3-2: Foul Ball, location: 2F 3-2: Foul Ball, location: 2F 3-2: Foul Ball, location: 2F 3-2: Strikes out swinging
|
Batting: SHB José Rincón
|
0-0: Ball 1-0: Called Strike 1-1: Ball 2-1: Ground out 3-1 (Groundball, 34S)
|
Batting: LHB Dennis McConnell
|
0-0: Called Strike 0-1: Ball 1-1: Ball 2-1: Foul Ball, location: 2F 2-2: Ball 3-2: Base on Balls
|
Pinch Hitting: LHB Júlio Lorenzo
|
0-0: Ball 1-0: Swinging Strike 1-1: Fly out, F4 (Flyball, 8RS)
|
Bottom of the 7th over - 0 run(s), 0 hit(s), 0 error(s), 1 left on base; Plymouth 4 - Palmyra 3 |
TOP OF THE 8TH |
Plymouth Cocks batting - Pitching for Palmyra Overlords : RHP Paul Orr
|
Now in CF: Júlio Lorenzo
|
|
Batting: RHB Tomás Díaz
|
0-0: Ball 1-0: Called Strike 1-1: Ground out 1-3 (Groundball, 15)
|
Batting: RHB Kelly Graham
|
0-0: Fly out, F8 (Flyball, 8LM)
|
Batting: LHB José Guzmán
|
0-0: SINGLE (Line Drive, 89S)
|
Batting: RHB Chris Hall
|
0-0: Foul Ball, location: 2F 0-1: Ball 1-1: Foul Ball, location: 2F 1-2: Foul Ball, location: 2F 1-2: Ground out 3-1 (Groundball, 34S)
|
Top of the 8th over - 0 run(s), 1 hit(s), 0 error(s), 1 left on base; Plymouth 4 - Palmyra 3 |
BOTTOM OF THE 8TH |
Palmyra Overlords batting - Pitching for Plymouth Cocks : RHP Billy Jacobs
|
Batting: RHB Jaime Rodríguez
|
0-0: Called Strike 0-1: Foul Ball, location: 2F 0-2: Foul Ball, location: 2F 0-2: Ball 1-2: Ground out 5-3 (Groundball, 56S)
|
Pitching: RHP Dan Ramsey
|
|
Batting: RHB Paco Franco
|
0-0: Ground out 5-3 (Groundball, 56)
|
Pitching: RHP Gerardo Camacho
|
|
Batting: RHB Lúcio Alfaro
|
0-0: Ball 1-0: Ball 2-0: SINGLE (Popup, 34D)
|
Batting: RHB José Ortega
|
0-0: Ball 1-0: Foul Ball, location: 2F 1-1: Ball 2-1: Ground out 4-3 (Groundball, 4)
|
Bottom of the 8th over - 0 run(s), 1 hit(s), 0 error(s), 1 left on base; Plymouth 4 - Palmyra 3 |
TOP OF THE 9TH |
Plymouth Cocks batting - Pitching for Palmyra Overlords : RHP Paul Orr
|
Batting: RHB Dan Duckworth
|
0-0: Ball 1-0: Ball 2-0: Fly out, F5 (Line Drive, 5D)
|
Batting: LHB Greg Sharpe
|
0-0: Ball 1-0: Foul Ball, location: 2F 1-1: Called Strike 1-2: Ground out 4-3 (Groundball, 4)
|
Batting: RHB Brian Jackson
|
0-0: Called Strike 0-1: Foul Ball, location: 2F 0-2: Ball 1-2: Ground out 5-3 (Groundball, 56)
|
Top of the 9th over - 0 run(s), 0 hit(s), 0 error(s), 0 left on base; Plymouth 4 - Palmyra 3 |
BOTTOM OF THE 9TH |
Palmyra Overlords batting - Pitching for Plymouth Cocks : RHP Gerardo Camacho
|
Pitching: LHP John Dyer
|
|
Pinch Hitting: RHB Carlos López
|
0-0: Ball 1-0: Ball 2-0: Ball 3-0: Called Strike 3-1: Swinging Strike 3-2: Fly out, F9 (Flyball, 89M)
|
Batting: LHB Roberto Rodríguez
|
0-0: Called Strike 0-1: Fly out, F8 (Flyball, 8RM)
|
Batting: SHB José Rincón
|
0-0: Called Strike 0-1: Called Strike 0-2: Ball 1-2: SINGLE (Groundball, 56)
|
Batting: LHB Dennis McConnell
|
0-0: Ball 1-0: Ball 2-0: Ball 3-0: Called Strike 3-1: Foul Ball, location: 2F 3-2: Strikes out swinging
|
Bottom of the 9th over - 0 run(s), 1 hit(s), 0 error(s), 1 left on base; Plymouth 4 - Palmyra 3 |
|